 Dungeon Crawl Stone Soup version 0.26-a0-663-g36e8fdb655 (webtiles) character file.

Game seed: 3161504789320387354

151914 Gargoyl the Corrupter of Planes (level 17, -46/149 HPs)
             Began as a Gnoll Abyssal Knight on Oct 11, 2020.
             Was the Champion of Lugonu.
             Annihilated by a golden dragon simulacrum (53 damage)
             ... in an ice cave.
             The game lasted 00:52:31 (34549 turns).

Gargoyl the Corrupter of Planes (GnAK)             Turns: 34549, Time: 00:52:32

Health: -46/149    AC: 33    Str: 27    XL:     17   Next: 57%
Magic:  32/32      EV: 19    Int: 16    God:    Lugonu [******]
Gold:   1238       SH: 19    Dex: 21    Spells: 39/39 levels left

rFire    . . .     SeeInvis .   c - +7 broad axe (flame)
rCold    . . .     Faith    .   p - +0 kite shield
rNeg     . . .     Spirit   .   P - +11 scale mail "Forget-Me-Not" {Rampage rPois MR- Str+4}
rPois    +         Reflect  +   S - +0 helmet
rElec    .         Harm     .   l - scarf {repulsion}
rCorr    .         Rampage  +   o - +2 pair of gloves {Str+3}
MR       +....                  x - +2 pair of boots of the Other Side {Regen+}
Stlth    ++++......             V - amulet of reflection
HPRegen  0.74/turn              g - +6 ring of dexterity
MPRegen  0.23/turn              b - ring of protection from magic

@: about to teleport, repel missiles
A: distributed training, fangs 1, icy blue scales 1, thin metallic scales 1,
robust 1, strong nose
a: Depart the Abyss, Bend Space, Banish, Corrupt, Enter the Abyss, Brand Weapon
With Distortion, Renounce Religion


You were in an ice cave.
You worshipped Lugonu.
Lugonu was exalted by your worship.
You visited 4 branches of the dungeon, and saw 26 of its levels.
You visited the Abyss 3 times.
You also visited: Ice Cave and Volcano.

You collected 2179 gold pieces.
You spent 941 gold pieces at shops.

Inventory:

Hand Weapons
 a - a +2 double sword of holy wrath
 c - a +7 broad axe of flaming (weapon)
 Y - a +3 war axe of venom
Missiles
 k - 50 poisoned darts (quivered)
Armour
 l - a scarf of repulsion (worn)
 o - a +2 pair of gloves of strength (worn)
 p - a +0 kite shield (worn)
 x - the +2 pair of boots of the Other Side (worn) {Regen+}
   (You acquired it on level 2 of the Abyss)

   It increases your rate of regeneration.
 P - the +11 scale mail "Forget-Me-Not" (worn) {Rampage rPois MR- Str+4}
   (You found it on level 5 of the Lair of Beasts)

   It affects your strength (+4).
   It protects you from poison.
   It affects your resistance to hostile enchantments.
   It bestows one free step when moving towards enemies.
 S - a +0 helmet (worn)
Jewellery
 b - a ring of protection from magic (right hand)
 d - a cursed -4 ring of dexterity
 e - a cursed -4 ring of evasion {unknown}
 g - a +6 ring of dexterity (left hand)
 h - an uncursed ring of positive energy
 t - a cursed ring of poison resistance {unknown}
 w - an uncursed ring of flight {unknown}
 V - an amulet of reflection (around neck)
 X - an uncursed ring of poison resistance {unknown}
Wands
 j - a wand of random effects (16)
 u - a wand of iceblast (18)
 v - a wand of digging (15)
Scrolls
 f - 23 scrolls of remove curse
 i - a scroll of holy word
 n - 6 scrolls of teleportation
 q - 3 scrolls of blinking
 B - 5 scrolls of fog
 D - 3 scrolls of identify
 E - 3 scrolls of magic mapping
 G - 6 scrolls of fear
 T - a scroll of enchant armour
Potions
 m - 2 potions of mutation
 r - 4 potions of lignification
 s - 2 potions of resistance
 z - 4 potions of stabbing
 A - 4 potions of berserk rage
 C - a potion of might
 I - 2 potions of cancellation {unknown}
 J - 2 potions of magic
 N - 2 potions of ambrosia {unknown}
 O - 3 potions of invisibility {unknown}
 R - 10 potions of curing
 W - 2 potions of haste


   Skills:
 + Level 13.0 Fighting
 + Level 11.6 Short Blades
 + Level 11.6 Long Blades
 + Level 12.3 Axes
 + Level 11.6 Maces & Flails
 + Level 11.6 Polearms
 + Level 11.6 Staves
 + Level 11.6 Slings
 + Level 11.6 Bows
 + Level 11.6 Crossbows
 + Level 11.6 Throwing
 + Level 12.3 Armour
 + Level 11.8 Dodging
 + Level 11.6 Stealth
 + Level 11.6 Shields
 + Level 11.6 Unarmed Combat
 + Level 11.6 Spellcasting
 + Level 9.9 Conjurations
 + Level 9.9 Hexes
 + Level 9.9 Summonings
 + Level 9.9 Necromancy
 + Level 9.9 Translocations
 + Level 9.9 Transmutations
 + Level 9.9 Fire Magic
 + Level 9.9 Ice Magic
 + Level 9.9 Air Magic
 + Level 9.9 Earth Magic
 + Level 9.9 Poison Magic
 + Level 13.2 Invocations
 + Level 11.6 Evocations


You had 39 spell levels left.
You didn't know any spells.
Your spell library contained the following spells:

 Spells                   Type           Power        Failure   Level
 Corona                   Hex            #####..      1%          1
 Summon Small Mammal      Summ           ####         1%          1
 Call Imp                 Summ           #####...     1%          2
 Slow                     Hex            #####...     1%          2
 Call Canine Familiar     Summ           #####...     1%          3
 Inner Flame              Hex/Fire       #####...     1%          3
 Portal Projectile        Hex/Tloc       #####.       1%          3
 Summon Guardian Golem    Hex/Summ       #####...     1%          3
 Cause Fear               Hex            #####.....   3%          4
 Leda's Liquefaction      Hex/Erth       #####.....   3%          4
 Summon Ice Beast         Ice/Summ       #####...     3%          4
 Summon Lightning Spire   Summ/Air       #####...     3%          4
 Silence                  Hex/Air        #####.....   11%         5
 Yara's Violent Unravell  Hex/Tmut       #####.....   11%         5
 Discord                  Hex            #####.....   100%        8


Dungeon Overview and Level Annotations

Branches:
Dungeon (15/15)            Temple (0/1) D:7            Lair (6/6) D:10
 Shoals (3/4) Lair:4       Spider (0/4) Lair:2        Slime (0/5) Lair:5
    Orc (2/2) D:9             Elf (0/3) Orc:2        Vaults (0/5) D:13
 Depths (0/5) D:15          IceCv (1/1)             Volcano (visited)

Altars:
Elyvilon
Gozag
Hepliaklqana
Makhleb
Ru
Uskayaw
Wu Jian
Xom
Zin
Jiyva

Shops:
D:8 =   D:11 *!??   D:14 (   Orc:2 }([!

Annotations:
D:6 DoubleLucky's ghost, novice DsVM; emiel's ghost, amateur FoFi


Innate Abilities, Weirdness & Mutations

Your experience applies equally to all skills.
You have very sharp teeth.
Your uncanny sense of smell can sniff out nearby items.
You are partially covered in icy blue scales. (AC +2)
You are partially covered in thin metallic scales. (AC +2)
You are robust. (+10% HP)


Message History

The freezing wraith completely misses you.
Unknown command.
You slash the freezing wraith! You burn the freezing wraith!
You destroy the freezing wraith!
Lugonu accepts your kill.
You closely miss the ice devil. You block the ice devil's attack.
Unknown command.
You hit the golden dragon simulacrum.
You melt the golden dragon simulacrum.
You bite the golden dragon simulacrum, but do no damage.
The golden dragon simulacrum is moderately damaged.
You slash the ice devil! You burn the ice devil.
The ice devil hits you but does no damage.
You block the golden dragon simulacrum's attack.
The golden dragon simulacrum claws you!
The golden dragon simulacrum freezes you!!!
* * * LOW HITPOINT WARNING * * *
The golden dragon simulacrum tramples you.
* * * LOW HITPOINT WARNING * * *
The golden dragon simulacrum freezes you!!!
You die...

##..##☼## #.#
##.##.## #..##
#..##.# ....#
##.##.## ##....#
##..###.#
#.....###
##...###.##
##Z......#
#...#.[##.#
#1ZZ....$#
#...#.###.###Z4#
∆
#..###≈≈#.##.@##
∆∆ #..#
##≈#....## ∆∆∆∆
#.## ≈#≈≈##.##
∆∆∆∆
#.##≈≈≈≈≈≈### ∆∆
##.##≈≈≈≈≈## ∆
#.#≈≈≈≈≈≈≈≈
##≈≈≈≈≈≈≈≈≈
##≈≈≈≈≈≈≈≈≈≈
#≈≈#≈≈≈≈≈##


You could see an Ice Fiend, an ice devil, a death yak simulacrum, a polar bear
simulacrum, a golden dragon simulacrum and an ogre simulacrum.

Vanquished Creatures
  Saint Roka (Orc:2)
  Jorgrun (Orc:1)
  Rupert (Orc:2)
  A tentacled monstrosity (Abyss:2)
  Louise (D:15)
  3 ghouls (D:13)
  A merfolk javelineer (Shoals:3)
  A quicksilver dragon zombie (D:15)
  6 merfolk impalers
  A fire dragon (Lair:6)
  An ogre mage (D:13)
  A rakshasa (D:15)
  A catoblepas (D:14)
  An ice dragon (Shoals:3)
  A merfolk avatar (Shoals:3)
  Erica (D:9)
  16 hydras
  A centaur warrior (D:15)
  A merfolk aquamancer (Shoals:3)
  4 death yaks (Lair:6)
  3 tengu warriors
  6 two-headed ogres
  An orc high priest (Orc:2)
  Urug (D:12)
  3 thrashing horrors (Abyss:2)
  A vampire mage (D:15)
  2 sea snakes
  12 skeletal warriors
  A spatial maelstrom (Abyss:2)
  6 unseen horrors
  2 lindwurms (Lair:6)
  A swamp dragon (Lair:6)
  Pikel (D:3)
  A wizard (D:15)
  2 anaconda skeletons (Volcano)
  A necromancer (D:15)
  The ghost of zedlic the Cleaver, a novice HOFi of Beogh (D:6)
  12 harpies
  The ghost of hemabe71 the Charlatan, a novice HuAr of Trog (D:5)
  12 fauns
  A wolf spider zombie (D:13)
  7 orc sorcerers (Orc:2)
  An orb spider (Lair:2)
  3 ugly things (D:15)
  3 deep elf magi
  10 manticores
  4 black mambas
  5 cyclopes
  2 fire giant zombies (D:15)
  5 merfolk sirens
  19 elephants
  Maurice (Orc:2)
  2 ice statues
  2 water nymphs
  3 gargoyles (Volcano)
  17 cane toads
  An efreet (D:15)
  Maggie (D:8)
  A cane toad (shapeshifter) (Abyss:2)
  2 rime drakes (Lair:6)
  4 freezing wraiths
  7 komodo dragons
  An anaconda simulacrum (IceCv)
  3 ice devils (IceCv)
  8 trolls
  The ghost of Askman the Chiller, a novice DEIE of Sif Muna (D:6)
  A golden dragon simulacrum (IceCv)
  18 merfolk
  2 polar bears
  A wolf spider simulacrum (IceCv)
  11 blink frogs
  5 wind drakes
  12 slime creatures
  2 dream sheep (Shoals:2)
  3 snapping turtles
  A shadow (D:15)
  A meliai zombie (D:14)
  A flying skull (Volcano)
  A vampire (D:9)
  Sigmund (D:6)
  An alligator skeleton (Volcano)
  33 yaks
  4 centaur simulacra
  6 wyverns
  4 water elementals
  3 dire elephant simulacra (IceCv)
  5 basilisks
  7 vampire mosquitoes
  2 steam dragons
  A death yak simulacrum (IceCv)
  A spatial vortex (Abyss:2)
  3 iron troll simulacra (IceCv)
  A harpy simulacrum (IceCv)
  14 water moccasins
  An acid dragon (Lair:6)
  3 swamp drakes (Lair:6)
  5 hydra simulacra (IceCv)
  7 ice beasts
  4 sky beasts
  2 phantoms
  23 orc warriors
  A black bear (Lair:2)
  17 wolves
  3 centaurs
  16 ogres
  2 boggarts (D:14)
  18 bullfrogs
  A water moccasin zombie (D:9)
  2 wyvern zombies
  2 scorpions
  A tengu zombie (D:15)
  18 wights
  A troll skeleton (Volcano)
  2 electric eels (Lair:1)
  A spriggan skeleton (Volcano)
  10 centaur zombies
  2 bullfrog zombies (D:8)
  A quasit (D:12)
  A draconian simulacrum (IceCv)
  9 hounds
  2 bullfrog skeletons
  9 centaur skeletons
  5 jellies
  26 orc priests
  32 orc wizards
  11 iguanas
  5 hell rats (Lair:3)
  15 worker ants
  2 troll simulacra (IceCv)
  2 spriggan simulacra (IceCv)
  3 hound skeletons
  3 worker ant zombies
  2 mummies (D:13)
  5 gnolls
  13 adders
  3 naga simulacra (IceCv)
  2 shadow imps
  13 white imps
  11 ufetubi
  An ooze (D:1)
  An adder skeleton (D:8)
  2 worms
  2 dart slugs
  3 leopard geckos
  92 orcs
  12 bats
  2 giant cockroaches
  9 goblins
  9 hobgoblins
  16 jackals
  11 quokkas
  2 ball pythons
  3 frilled lizards
  A jackal skeleton (D:6)
  A jackal zombie (D:9)
  8 kobolds
  A quokka zombie (D:9)
  9 rats
876 creatures vanquished.

Vanquished Creatures (collateral kills)
  2 bullfrogs (Lair:4)
2 creatures vanquished.

Vanquished Creatures (others)
  2 flying skulls (Volcano)
  A steam dragon (Lair:6)
  A boggart (D:15)
  A white imp (IceCv)
  An orc (D:8)
  41 fungi
  A lurking horror (Abyss:2)
  139 plants
  7 withered plants
194 creatures vanquished.

Grand Total: 1072 creatures vanquished

Notes
Turn   | Place    | Note
-------+----------+-------------------------------------------
     0 | Abyss:1  | Gargoyl the Gnoll Abyssal Knight began the quest for the
                  | Orb.
     0 | Abyss:1  | Reached XP level 1. HP: 23/23 MP: 3/3
    91 | Abyss:1  | Noticed a quasit
    92 | Abyss:1  | Noticed a wretched star
    94 | D:1      | Escaped the Abyss
   383 | D:1      | Reached * piety under Lugonu
   383 | D:1      | Reached XP level 2. HP: 23/29 MP: 5/5
   622 | D:1      | Reached XP level 3. HP: 35/35 MP: 6/6
  1158 | D:2      | Reached skill level 1 in Short Blades
  1158 | D:2      | Reached skill level 1 in Long Blades
  1158 | D:2      | Reached skill level 1 in Maces & Flails
  1158 | D:2      | Reached skill level 1 in Polearms
  1158 | D:2      | Reached skill level 1 in Staves
  1158 | D:2      | Reached skill level 1 in Slings
  1158 | D:2      | Reached skill level 1 in Bows
  1158 | D:2      | Reached skill level 1 in Crossbows
  1158 | D:2      | Reached skill level 1 in Throwing
  1158 | D:2      | Reached skill level 1 in Stealth
  1158 | D:2      | Reached skill level 1 in Shields
  1158 | D:2      | Reached skill level 1 in Unarmed Combat
  1158 | D:2      | Reached skill level 1 in Spellcasting
  1158 | D:2      | Reached skill level 1 in Evocations
  1164 | D:2      | Reached XP level 4. HP: 41/41 MP: 7/7
  1191 | D:2      | Reached ** piety under Lugonu
  1586 | D:2      | Reached skill level 1 in Conjurations
  1586 | D:2      | Reached skill level 1 in Hexes
  1586 | D:2      | Reached skill level 1 in Summonings
  1586 | D:2      | Reached skill level 1 in Necromancy
  1586 | D:2      | Reached skill level 1 in Translocations
  1586 | D:2      | Reached skill level 1 in Transmutations
  1586 | D:2      | Reached skill level 1 in Fire Magic
  1586 | D:2      | Reached skill level 1 in Ice Magic
  1586 | D:2      | Reached skill level 1 in Air Magic
  1586 | D:2      | Reached skill level 1 in Earth Magic
  1586 | D:2      | Reached skill level 1 in Poison Magic
  1619 | D:2      | Found a sacrificial altar of Ru.
  2379 | D:3      | Reached XP level 5. HP: 47/47 MP: 8/8
  2856 | D:4      | Noticed a lemure
  2858 | D:4      | Noticed a lemure
  2860 | D:4      | Noticed a lemure
  2862 | D:4      | Noticed Pikel
  2865 | D:4      | Noticed a lemure
  2917 | D:3      | Killed Pikel
  2917 | D:3      | Reached skill level 5 in Axes
  2917 | D:3      | Reached skill level 5 in Armour
  2917 | D:3      | Reached skill level 5 in Invocations
  2917 | D:3      | Reached XP level 6. HP: 26/55 MP: 10/10
  2917 | D:3      | Reached XP level 7. HP: 29/60 MP: 11/11
  3239 | D:4      | Found a burning altar of Makhleb.
  3620 | D:4      | Found a hide-covered altar of Uskayaw.
  3691 | D:4      | Reached XP level 8. HP: 19/67 MP: 12/12
  4173 | D:5      | Entered Level 5 of the Dungeon
  4597 | D:5      | Reached *** piety under Lugonu
  5763 | D:5      | Found an opulent altar of Gozag.
  6535 | D:6      | Reached XP level 9. HP: 64/72 MP: 14/14
  6817 | D:6      | Found a runed translucent gate.
  6818 | D:6      | Found a runed translucent gate.
  6819 | D:6      | Found a runed translucent gate.
  6820 | D:6      | Noticed hemabe71's ghost (novice HuAr)
  6820 | D:6      | Noticed DoubleLucky's ghost (novice DsVM)
  6820 | D:6      | Noticed zedlic's ghost (novice HOFi)
  6820 | D:6      | Noticed Askman's ghost (novice DEIE)
  6820 | D:6      | Noticed emiel's ghost (amateur FoFi)
  6979 | D:6      | Noticed Sigmund
  7012 | D:6      | Killed Sigmund
  7659 | D:6      | Killed Askman's ghost
  7659 | D:6      | Reached skill level 5 in Dodging
  7758 | D:6      | Killed zedlic's ghost
  7957 | D:5      | Killed hemabe71's ghost
  8472 | D:7      | Reached **** piety under Lugonu
  8472 | D:7      | Reached XP level 10. HP: 63/80 MP: 17/17
  8826 | D:7      | Found a staircase to the Ecumenical Temple.
  9290 | D:7      | Reached skill level 5 in Short Blades
  9290 | D:7      | Reached skill level 5 in Long Blades
  9290 | D:7      | Reached skill level 5 in Maces & Flails
  9290 | D:7      | Reached skill level 5 in Polearms
  9290 | D:7      | Reached skill level 5 in Staves
  9290 | D:7      | Reached skill level 5 in Slings
  9290 | D:7      | Reached skill level 5 in Bows
  9290 | D:7      | Reached skill level 5 in Crossbows
  9290 | D:7      | Reached skill level 5 in Throwing
  9290 | D:7      | Reached skill level 5 in Stealth
  9290 | D:7      | Reached skill level 5 in Shields
  9290 | D:7      | Reached skill level 5 in Unarmed Combat
  9290 | D:7      | Reached skill level 5 in Spellcasting
  9290 | D:7      | Reached skill level 5 in Evocations
  9433 | D:8      | Noticed Maggie
  9517 | D:8      | Gained mutation: Your muscles are strong. (Str +2) [potion
                  | of mutation]
  9517 | D:8      | Gained mutation: You are resistant to hostile enchantments.
                  | (MR+) [potion of mutation]
  9534 | D:8      | Killed Maggie
 10241 | D:8      | Found Caiseoni's Jewellery Shoppe.
 10243 | D:8      | Found a glowing silver altar of Zin.
 10948 | D:9      | Reached ***** piety under Lugonu
 11689 | D:9      | Noticed Erica
 11701 | D:9      | Killed Erica
 11840 | D:9      | Found a shimmering altar of Xom.
 11842 | D:9      | Found an ornate altar of the Wu Jian Council.
 11848 | D:9      | Got an ichor-stained war axe
 11854 | D:9      | Identified the +6 war axe "Dragonbane" {vorpal, *Noise
                  | rPois rF+} (You found it on level 9 of the Dungeon)
 11864 | D:9      | Found a hazy altar of Hepliaklqana.
 11909 | D:9      | Reached XP level 11. HP: 76/87 MP: 16/19
 11932 | D:9      | Found a staircase to the Orcish Mines.
 12702 | D:10     | Entered Level 10 of the Dungeon
 12729 | D:10     | Reached skill level 5 in Conjurations
 12729 | D:10     | Reached skill level 5 in Hexes
 12729 | D:10     | Reached skill level 5 in Summonings
 12729 | D:10     | Reached skill level 5 in Necromancy
 12729 | D:10     | Reached skill level 5 in Translocations
 12729 | D:10     | Reached skill level 5 in Transmutations
 12729 | D:10     | Reached skill level 5 in Fire Magic
 12729 | D:10     | Reached skill level 5 in Ice Magic
 12729 | D:10     | Reached skill level 5 in Air Magic
 12729 | D:10     | Reached skill level 5 in Earth Magic
 12729 | D:10     | Reached skill level 5 in Poison Magic
 13309 | D:10     | Found a staircase to the Lair.
 13462 | Lair:1   | Entered Level 1 of the Lair of Beasts
 13811 | Lair:1   | Noticed an eight-headed hydra
 13819 | Lair:1   | Killed a three-headed hydra
 14622 | Lair:1   | Noticed a six-headed hydra
 14633 | Lair:1   | HP: 1/89 [two-headed hydra (5)]
 14639 | Lair:1   | Killed a one-headed hydra
 15924 | Lair:2   | Noticed a five-headed hydra
 15930 | Lair:2   | Killed a one-headed hydra
 16033 | Lair:2   | Reached XP level 12. HP: 91/96 MP: 20/22
 16166 | Lair:2   | Found a hole to the Spider Nest.
 16409 | Lair:2   | Reached ****** piety under Lugonu
 16847 | Lair:3   | Found a dark tunnel.
 16852 | Volcano  | Entered a volcano
 17484 | Volcano  | Reached skill level 10 in Fighting
 17772 | Lair:3   | Got a polished glaive
 17773 | Lair:3   | Identified the +4 glaive of the Curious Violins {venom,
                  | *Contam rF+++ rC- rN+++} (You found it on level 3 of the
                  | Lair of Beasts)
 17833 | Lair:3   | Noticed a seven-headed hydra
 17853 | Lair:3   | Killed a two-headed hydra
 17934 | Lair:3   | Noticed an eight-headed hydra
 17941 | Lair:3   | Killed a four-headed hydra
 18033 | Lair:3   | Noticed a six-headed hydra
 18045 | Lair:3   | Killed a one-headed hydra
 18059 | Lair:3   | Reached XP level 13. HP: 72/103 MP: 22/24
 18922 | Lair:4   | Found a staircase to the Shoals.
 19321 | Lair:4   | Reached skill level 10 in Invocations
 20491 | Lair:5   | Got a jewelled scale mail
 20502 | Lair:5   | Identified the +11 scale mail "Forget-Me-Not" {Rampage
                  | rPois MR- Str+4} (You found it on level 5 of the Lair of
                  | Beasts)
 20778 | Lair:5   | Found a runed translucent door.
 20778 | Lair:5   | Found a viscous altar of Jiyva.
 20783 | Lair:5   | Found a staircase to the Slime Pits.
 21210 | Lair:6   | Entered Level 6 of the Lair of Beasts
 21370 | Lair:6   | Reached XP level 14. HP: 95/111 MP: 23/26
 21377 | Lair:6   | Reached skill level 10 in Axes
 21377 | Lair:6   | Reached skill level 10 in Armour
 23904 | D:11     | Identified a scroll of acquirement
 23904 | D:11     | Acquired a +2 double sword of holy wrath
 24036 | D:11     | Found Ehaic's Magic Scroll Emporium.
 24091 | D:11     | Bought a scroll of holy word for 105 gold pieces
 24091 | D:11     | Bought a scroll of enchant weapon for 105 gold pieces
 24091 | D:11     | Bought a scroll of enchant weapon for 105 gold pieces
 24091 | D:11     | Bought a scroll of enchant armour for 105 gold pieces
 24091 | D:11     | Bought a scroll of blinking for 105 gold pieces
 24224 | D:11     | Found Ryiducisk's Distillery.
 24230 | D:11     | Bought a potion of heal wounds for 65 gold pieces
 24230 | D:11     | Bought a potion of curing for 39 gold pieces
 24230 | D:11     | Bought a potion of curing for 39 gold pieces
 24230 | D:11     | Bought a potion of curing for 39 gold pieces
 24230 | D:11     | Bought a potion of curing for 39 gold pieces
 24230 | D:11     | Bought a potion of curing for 39 gold pieces
 24230 | D:11     | Bought a potion of berserk rage for 65 gold pieces
 24230 | D:11     | Bought a potion of lignification for 39 gold pieces
 24230 | D:11     | Bought a potion of might for 52 gold pieces
 24273 | D:11     | Lost mutation: You are resistant to hostile enchantments.
                  | (MR+) [potion of mutation]
 24273 | D:11     | Lost mutation: Your muscles are strong. (Str +2) [potion of
                  | mutation]
 24273 | D:11     | Gained mutation: You have a pair of small horns on your
                  | head. [potion of mutation]
 24273 | D:11     | Gained mutation: You are partially covered in icy blue
                  | scales. (AC +2) [potion of mutation]
 24274 | D:11     | Lost mutation: You have a pair of small horns on your head.
                  | [potion of mutation]
 24274 | D:11     | Gained mutation: You are partially covered in thin metallic
                  | scales. (AC +2) [potion of mutation]
 24274 | D:11     | Gained mutation: You are robust. (+10% HP) [potion of
                  | mutation]
 24566 | D:11     | Found Tiugg's Magic Scroll Emporium.
 24717 | D:11     | Found Violyng Noih's Assorted Antiques.
 24807 | D:12     | Noticed Urug
 24813 | D:12     | Killed Urug
 25009 | D:12     | Reached skill level 10 in Dodging
 25210 | D:12     | Reached XP level 15. HP: 130/130 MP: 28/28
 25817 | D:13     | Noticed a ghoul
 25835 | D:13     | Killed a ghoul
 25910 | D:13     | Found a gate to the Vaults.
 26165 | D:13     | Noticed a ghoul
 26178 | D:13     | Killed a ghoul
 26201 | D:13     | Reached skill level 10 in Short Blades
 26201 | D:13     | Reached skill level 10 in Long Blades
 26201 | D:13     | Reached skill level 10 in Maces & Flails
 26201 | D:13     | Reached skill level 10 in Polearms
 26201 | D:13     | Reached skill level 10 in Staves
 26201 | D:13     | Reached skill level 10 in Slings
 26201 | D:13     | Reached skill level 10 in Bows
 26201 | D:13     | Reached skill level 10 in Crossbows
 26201 | D:13     | Reached skill level 10 in Throwing
 26201 | D:13     | Reached skill level 10 in Stealth
 26201 | D:13     | Reached skill level 10 in Shields
 26201 | D:13     | Reached skill level 10 in Unarmed Combat
 26201 | D:13     | Reached skill level 10 in Spellcasting
 26201 | D:13     | Reached skill level 10 in Evocations
 26679 | D:13     | Noticed a ghoul
 26690 | D:13     | Killed a ghoul
 27118 | D:14     | Found Temaubb's Weapon Shop.
 27784 | D:15     | Entered Level 15 of the Dungeon
 27785 | D:15     | Found a white marble altar of Elyvilon.
 27790 | D:15     | Noticed Louise
 28053 | D:15     | Cast into level 2 of the Abyss (Louise)
 28129 | Abyss:2  | Noticed a tentacled monstrosity
 28140 | Abyss:2  | Noticed a hellephant
 28153 | Abyss:2  | Killed a tentacled monstrosity
 28176 | Abyss:2  | Acquired the +2 pair of boots of the Other Side {Regen+}
 28274 | D:15     | Escaped the Abyss
 28763 | D:15     | Killed Louise
 28845 | D:15     | Reached XP level 16. HP: 121/139 MP: 30/30
 28982 | D:15     | Cast into level 2 of the Abyss (a wizard)
 28982 | Abyss:2  | Found a transporter.
 28982 | Abyss:2  | Found a corrupted altar of Lugonu.
 28986 | Abyss:2  | Noticed a tentacled starspawn
 28986 | Abyss:2  | Noticed a tentacled starspawn
 28986 | Abyss:2  | Noticed a tentacled starspawn
 29005 | D:15     | Escaped the Abyss
 29247 | D:15     | Found a staircase to the Depths.
 29840 | Orc:1    | Entered Level 1 of the Orcish Mines
 29897 | Orc:2    | Entered Level 2 of the Orcish Mines
 29897 | Orc:2    | Found a staircase to the Elven Halls.
 29993 | Orc:2    | Found Cuorade's Gadget Shop.
 29993 | Orc:2    | Found Opere's Distillery.
 29993 | Orc:2    | Found Yneuleti's Weapon Shop.
 30089 | Orc:2    | Found Ziott's Armour Boutique.
 30208 | Orc:1    | Noticed Jorgrun
 30577 | Orc:1    | Killed Jorgrun
 30877 | Orc:2    | Noticed Rupert
 30877 | Orc:2    | Noticed Maurice
 30892 | Orc:2    | Killed Rupert
 30952 | Orc:2    | Killed Maurice
 31186 | Orc:2    | Noticed Saint Roka
 31393 | Orc:2    | Killed Saint Roka
 31831 | Shoals:1 | Entered Level 1 of the Shoals
 32022 | Shoals:1 | You fall into a shaft and drop 1 floor!
 32205 | Shoals:2 | Reached XP level 17. HP: 121/148 MP: 32/32
 33581 | Shoals:3 | Found a frozen archway.
 33603 | IceCv    | Entered an ice cave
 34529 | IceCv    | Noticed an Ice Fiend
 34539 | IceCv    | HP: 2/149 [golden dragon simulacrum (18)]
 34549 | IceCv    | HP: 7/149 [golden dragon simulacrum (6)]
 34549 | IceCv    | Annihilated by a golden dragon simulacrum

Illustrated notes

Levels and vault maps discovered:
D:1:      sevenhm_arrival_forest_fort_small_3, layout_loops_ring
D:2:      layout_basic, lemuel_doored_altar
D:3:      layout_loops_corners
D:4:      layout_rooms, eat_drink_and_be_merry_uskayaw,
          makhleb_heckhound_becter, uniq_pikel
D:5:      layout_loops_ring, serial_co_window_serial, co_window_cross_1,
          co_window_corner_a, co_window_corner_a, co_window_corner_a,
          co_window_of_opportunity_a, co_window_paths_a,
          co_window_of_opportunity_b, co_window_corner_b, co_window_corner_cb,
          co_window_broadway_c, co_window_broadway_c, co_window_4corner_b,
          glass_columns_a, glass_columns_b, glass_columns_b, glass_columns_c,
          glass_columns_b, basic_altar
D:6:      layout_cave_pods, gammafunk_ghost_cemetery, uniq_sigmund
D:7:      layout_cave_pods, minmay_temple_entry_butterflies
D:8:      layout_rooms, nicolae_overflow_hidden_temple, serial_shops, shop,
          uniq_maggie
D:9:      layout_loops_ring, grunt_temple_overflow_open, hiddenorc2_lemuel,
          minivault_11, eino_small_chamber_without_monster, uniq_erica
D:10:     layout_cross, lair_entry_dummy, serial_glass, glass_columns_a,
          glass_columns_a, feat_on_display
D:11:     layout_loops_ring, serial_shops, nicolae_shop_statue_plus,
          shop_fountains, shop, nicolae_shop_temple_entry_statues_fountains,
          kennysheep_cross_room
D:12:     layout_small_grid, uniq_urug
D:13:     layout_roguey, david_vaults_2, serial_undead, serial_undead_f,
          serial_undead_b, serial_undead_f, serial_undead_a, serial_undead_a,
          serial_undead_c
D:14:     layout_cave_pods, serial_shops, nicolae_shop_stone
D:15:     gammafunk_depths_entry_grave, layout_basic, serial_bayou_lagoon_a,
          basic_altar, uniq_louise
Lair:1:   layout_gridlike, serial_bayou_shore_a
Lair:2:   layout_loops_ring, nicolae_spider_entry_orb_guardian
Lair:3:   layout_big_grid, enter_volcano_4, hangedman_lair_unloving_vines
Lair:4:   layout_big_grid, elwin_shoals_entry_stream
Lair:5:   layout_small_grid, slime_altar_2, grunt_megastairs_5,
          infiniplex_staircase_pool
Lair:6:   guppyfry_lair_end_dragon, layout_regular_city
Shoals:1: layout_shoals, dpeg_stationary_puzzle, uniq_roxanne
Shoals:2: layout_shoals
Shoals:3: layout_shoals, portal_ice_cave_entry_dragon,
          nicolae_shoals_square_sea_wall
Orc:1:    minmay_goldmine, layout_caves, uniq_sonja, uniq_jorgrun
Orc:2:    st_orc_mages, layout_caves, uniq_saint_roka, uniq_rupert, uniq_maurice
IceCv:    ice_cave_caverns_02

Skill      XL: |  1  2  3  4  5  6  7  8  9 10 11 12 13 14 15 16 17 |
---------------+----------------------------------------------------+-----
Short Blades   | 1 2 3 4 5 6 7 8 9 10 11 | 11.6
Long Blades    | 1 2 3 4 5 6 7 8 9 10 11 | 11.6
Maces & Flails | 1 2 3 4 5 6 7 8 9 10 11 | 11.6
Polearms       | 1 2 3 4 5 6 7 8 9 10 11 | 11.6
Staves         | 1 2 3 4 5 6 7 8 9 10 11 | 11.6
Slings         | 1 2 3 4 5 6 7 8 9 10 11 | 11.6
Bows           | 1 2 3 4 5 6 7 8 9 10 11 | 11.6
Crossbows      | 1 2 3 4 5 6 7 8 9 10 11 | 11.6
Throwing       | 1 2 3 4 5 6 7 8 9 10 11 | 11.6
Stealth        | 1 2 3 4 5 6 7 8 9 10 11 | 11.6
Shields        | 1 2 3 4 5 6 7 8 9 10 11 | 11.6
Unarmed Combat | 1 2 3 4 5 6 7 8 9 10 11 | 11.6
Spellcasting   | 1 2 3 4 5 6 7 8 9 10 11 | 11.6
Evocations     | 1 2 3 4 5 6 7 8 9 10 11 | 11.6
Conjurations   | 1 2 3 4 5 6 7 8 9 |  9.9
Hexes          | 1 2 3 4 5 6 7 8 9 |  9.9
Summonings     | 1 2 3 4 5 6 7 8 9 |  9.9
Necromancy     | 1 2 3 4 5 6 7 8 9 |  9.9
Translocations | 1 2 3 4 5 6 7 8 9 |  9.9
Transmutations | 1 2 3 4 5 6 7 8 9 |  9.9
Fire Magic     | 1 2 3 4 5 6 7 8 9 |  9.9
Ice Magic      | 1 2 3 4 5 6 7 8 9 |  9.9
Air Magic      | 1 2 3 4 5 6 7 8 9 |  9.9
Earth Magic    | 1 2 3 4 5 6 7 8 9 |  9.9
Poison Magic   | 1 2 3 4 5 6 7 8 9 |  9.9
Fighting       | 7 8 9 10 11 12 13 | 13.0
Axes           | 5 6 7 8 9 10 11 12 | 12.3
Armour         | 5 6 7 8 9 10 11 12 | 12.3
Dodging        | 3 4 5 6 7 8 9 10 11 | 11.8
Invocations    | 5 6 7 8 9 10 11 12 13 | 13.2

Action                   |  1- 3 |  4- 6 |  7- 9 | 10-12 | 13-15 | 16-18 || total
-------------------------+-------+-------+-------+-------+-------+-------++-------
Melee: Hand axe          |    93 |   167 |       |       |       |       ||   260
       Bite              |    13 |    14 |    72 |   134 |   168 |   128 ||   529
       Whip              |       |       |   578 |   248 |       |       ||   826
       Broad axe         |       |       |       |   523 |   854 |   749 ||  2126
       War axe           |       |       |       |       |    13 |       ||    13
Throw: Dart              |     1 |       |    26 |     3 |    12 |    16 ||    58
Invok: Depart the Abyss  |     1 |       |       |       |     1 |     1 ||     3
       Banish            |       |       |       |       |     6 |     1 ||     7
       Bend Space        |       |       |       |       |     2 |     1 ||     3
Evoke: Wand              |       |       |     1 |       |       |       ||     1
  Use: Scroll            |     2 |     3 |     8 |    11 |    13 |     6 ||    43
       Potion            |       |       |     1 |    17 |     5 |     3 ||    26
 Stab: Held in net/web   |       |       |       |     1 |       |       ||     1
       Sleeping          |       |       |       |       |    13 |     8 ||    21
       Distracted        |       |       |       |       |     3 |       ||     3
Armor: Leather armour    |     7 |       |       |       |       |       ||     7
       Chain mail        |    53 |    66 |       |       |       |       ||   119
       Plate armour      |       |    52 |   293 |   461 |   132 |       ||   938
       Skin              |       |       |       |     9 |       |       ||     9
       Scale mail        |       |       |       |       |   417 |   346 ||   763
Dodge: Dodged            |    48 |    59 |    92 |   252 |   589 |   554 ||  1594
       Repelled          |     2 |       |     1 |     9 |     2 |    16 ||    30
Block: Kite shield       |       |    37 |   215 |   455 |   800 |   843 ||  2350
       Reflection        |       |       |       |       |     6 |    41 ||    47

Table legend: (Time is in decaauts)
 A = Elapsed time spent in this place.
 B = Non-inter-level travel time spent in this place.
 C = Inter-level travel time spent in this place.
 D = Time resting spent in this place.
 E = Time spent auto-exploring this place.
 F = Levels seen in this place.
 G = Mean time per level.
                   A        B        C        D        E       F      G
               +--------+--------+--------+--------+--------+-----+--------+
         Total |  35173 |  34201 |    972 |   9934 |  16494 |  31 | 1134.6 |
       Dungeon |  19313 |  18745 |    568 |   5193 |   9431 |  15 | 1287.5 |
          Lair |   9821 |   9521 |    300 |   3197 |   4824 |   6 | 1636.8 |
        Shoals |   2018 |   1982 |     36 |    348 |    852 |   3 |  672.7 |
  Orcish Mines |   1901 |   1835 |     66 |    490 |    734 |   2 |  950.5 |
         Abyss |    341 |    341 |      0 |     29 |    135 |   3 |  113.7 |
      Ice Cave |    975 |    975 |      0 |    433 |    205 |   1 |  975.0 |
       Volcano |    802 |    802 |      0 |    243 |    311 |   1 |  802.0 |
               +--------+--------+--------+--------+--------+-----+--------+

Top non-repeatable levels by time:
  Lair:6: 2623 daAuts
  Lair:1: 2332 daAuts
     D:5: 1914 daAuts
     D:6: 1829 daAuts
     D:9: 1786 daAuts
     D:8: 1658 daAuts
  Lair:5: 1629 daAuts
   Orc:2: 1527 daAuts
    D:14: 1494 daAuts
     D:4: 1475 daAuts
  Lair:3: 1243 daAuts
Shoals:2: 1228 daAuts
    D:13: 1206 daAuts
     D:3: 1190 daAuts
     D:7: 1122 daAuts
